 Dungeon Crawl Stone Soup version 0.23.0 (webtiles) character file.

Game seed: 720101433037791854

1304 tv1990 the Chopper (level 8, 0/65 HPs)
             Began as a Formicid Monk on Feb 10, 2019.
             Succumbed to a hornet's poison
             ... on level 8 of the Dungeon.
             The game lasted 00:15:17 (5787 turns).

tv1990 the Chopper (Formicid Monk)                  Turns: 5787, Time: 00:15:17

Health: 0/65       AC:  9    Str: 23    XL:     8   Next: 88%
Magic:  8/8        EV:  9    Int: 10    God:
Gold:   158        SH:  0    Dex: 13    Spells: 7/7 levels left

rFire    . . .     SeeInvis +   a - +0 hand axe
rCold    . . .     Gourm    .   (no shield)
rNeg     . . .     Faith    .   j - +0 chain mail
rPois    .         Spirit   .   (helmet unavailable)
rElec    .         Reflect  .   (no cloak)
rCorr    .         Harm     .   (no gloves)
MR       .....                  (no boots)
Stlth    ..........             i - amulet of magic regeneration
HPRegen  0.20/turn              (no ring)
MPRegen  0.36/turn              (no ring)

@: mighty, lethally poisoned (0 -> -22)
A: permanent stasis, dig shafts and tunnels, four strong arms, antennae 3
a: Dig, Shaft Self


You were on level 8 of the Dungeon.
You were hungry.

You visited 1 branch of the dungeon, and saw 7 of its levels.

You collected 158 gold pieces.

Inventory:

Hand Weapons
 a - a +0 hand axe (weapon)
 f - a +2 arbalest of freezing
 l - a cursed -2 hand crossbow
Missiles
 n - 49 bolts
Armour
 b - a +0 robe
 e - a +0 scale mail
 j - a +0 chain mail (worn)
Jewellery
 i - an amulet of magic regeneration (around neck)
 k - an uncursed ring of magical power {unknown}
 t - an uncursed ring of protection from magic {unknown}
Wands
 o - a wand of disintegration (12)
Scrolls
 g - a scroll of remove curse {unknown}
 h - 2 scrolls of identify {unknown}
 q - 2 scrolls of teleportation {unknown}
 r - a scroll of random uselessness {unknown}
 s - a scroll of enchant weapon {unknown}
 u - a scroll of magic mapping {unknown}
 v - a scroll of blinking {unknown}
Potions
 d - a potion of haste
 p - a potion of flight {unknown}
Comestibles
 c - 4 rations


   Skills:
 + Level 6.4 Fighting
 * Level 7.8 Axes
 + Level 5.3 Armour
 - Level 2.6 Dodging
 - Level 2.4 Stealth


You had 7 spell levels left.
You didn't know any spells.
Your spell library was empty.

Dungeon Overview and Level Annotations

Branches:
Dungeon (9/15)
 Temple: D:4-7         Lair: D:8-11         Orc: D:9-12

Altars:
Elyvilon
Fedhas
Nemelex Xobeh

Annotations:
D:3 1 runed translucent door, Thaneod's ghost, amateur DEFE
D:9 3 runed translucent doors


Innate Abilities, Weirdness & Mutations

You cannot be hasted, slowed, berserked, paralysed or teleported.
You can dig through walls and to a lower floor.
Your four strong arms can wield two-handed weapons with a shield.
You have a pair of large antennae on your head. (SInv)


Message History

You slash the hornet! The hornet closely misses you.
The hornet stings you but does no damage.
You hit the hornet.
You feel sick. The hornet stings you.
* * * LOW HITPOINT WARNING * * *
You are more poisoned.
Your stasis prevents you from being slowed.
You hit the hornet but do no damage.
You feel sick. The hornet stings you.
* * * LOW HITPOINT WARNING * * *
Your stasis prevents you from being slowed.
You slash the hornet!
You feel sick. The hornet completely misses you. The hornet stings you!
* * * LOW HITPOINT WARNING * * *
You are more poisoned.
Your stasis prevents you from being slowed.
You hit the hornet but do no damage.
* * * LOW HITPOINT WARNING * * *
You feel sick. The hornet misses you.
It was a potion of haste.
Your stasis prevents you from being hasted.
You die...

##..# .#.... .......
#.##.....
#############
..###....
...#...##..##.........
#..#..##.........##..
#.y#............##..
#.@#.#.............
##..##.............
####........##....
#...#†.>..##....
######....##.#
#.......###
###.)#.......
#....###^#..#
#....#.###....#


You could see a hornet.

Vanquished Creatures
  A hungry ghost (D:4)
  A water moccasin (D:9)
  2 ogres (D:8)
  A centaur (D:9)
  2 bullfrogs (D:8)
  A scorpion (D:8)
  2 crimson imps
  2 hounds (D:8)
  6 orc wizards
  A bullfrog skeleton (D:4)
  3 orc priests
  2 worker ants
  A worker ant zombie (D:8)
  6 adders
  3 shadow imps (D:8)
  An ooze (D:2)
  5 worms
  2 dart slugs
  A leopard gecko (D:2)
  19 orcs
  8 bats
  A giant cockroach (D:2)
  5 goblins (D:2)
  4 hobgoblins
  5 frilled lizards
  7 kobolds
  10 rats
102 creatures vanquished.

Notes
Turn   | Place    | Note
-------+----------+-------------------------------------------
     0 | D:1      | tv1990 the Formicid Monk began the quest for the Orb.
     0 | D:1      | Reached XP level 1. HP: 18/18 MP: 1/1
   331 | D:1      | Reached XP level 2. HP: 16/24 MP: 2/2
   750 | D:2      | Reached skill level 1 in Armour
   750 | D:2      | Reached XP level 3. HP: 17/29 MP: 3/3
  1368 | D:2      | Reached XP level 4. HP: 28/37 MP: 4/4
  1616 | D:2      | Reached skill level 4 in Axes
  2311 | D:3      | Reached XP level 5. HP: 41/42 MP: 5/5
  2966 | D:3      | Found a faded altar of an unknown god.
  3133 | D:3      | Found a runed translucent door.
  3138 | D:3      | Noticed a bullfrog
  3152 | D:3      | Noticed Thaneod's ghost (amateur DEFE)
  3465 | D:3      | Reached XP level 6. HP: 49/49 MP: 6/6
  3478 | D:3      | You fall through a shaft!
  3776 | D:3      | Reached skill level 5 in Axes
  4076 | D:4      | Noticed a hungry ghost
  4121 | D:4      | Killed a hungry ghost
  4121 | D:4      | Reached XP level 7. HP: 38/55 MP: 7/7
  4134 | D:4      | You fall through a shaft for 3 floors!
  4150 | D:7      | You fall through a shaft for 2 floors!
  4154 | D:9      | HP: 2/55 [poisoned by a scorpion]
  4162 | D:9      | HP: 2/55 [poisoned by a scorpion]
  4467 | D:9      | Found a runed translucent gate.
  4467 | D:9      | Found a runed translucent gate.
  4467 | D:9      | Found a runed translucent gate.
  4467 | D:9      | Noticed a purple ugly thing
  4468 | D:9      | Noticed a green ugly thing
  4537 | D:9      | Noticed a water moccasin
  4541 | D:9      | Reached skill level 5 in Fighting
  4561 | D:9      | Killed a water moccasin
  4561 | D:9      | Reached skill level 6 in Axes
  4819 | D:9      | Found a blossoming altar of Fedhas.
  5112 | D:9      | Found a white marble altar of Elyvilon.
  5112 | D:9      | Found a sparkling altar of Nemelex Xobeh.
  5129 | D:8      | Reached XP level 8. HP: 60/63 MP: 8/8
  5188 | D:8      | Reached skill level 7 in Axes
  5695 | D:8      | Reached skill level 5 in Armour
  5779 | D:8      | Noticed a hornet
  5786 | D:8      | HP: 2/65 [poisoned by a hornet]
  5787 | D:8      | Succumbed to a hornet's poison

Skill      XL: |  1  2  3  4  5  6  7  8 |
---------------+-------------------------+-----
Armour         | 1 2 3 4 5 |  5.3
Axes           | 4 5 6 7 |  7.8
Fighting       | 4 5 6 |  6.4
Dodging        | |  2.6
Stealth        | |  2.4

Action                   |  1- 3 |  4- 6 |  7- 9 || total
-------------------------+-------+-------+-------++-------
Melee: Hand axe          |    87 |   325 |   251 ||   663
 Abil: Dig               |       |     5 |    10 ||    15
       Shaft Self        |       |     1 |     2 ||     3
  Use: Potion            |       |       |     7 ||     7
 Stab: Sleeping          |     3 |       |       ||     3
       Distracted        |       |       |     1 ||     1
  Eat: Chunk             |     1 |     9 |     5 ||    15
       Ration            |       |     5 |     1 ||     6
Armor: Robe              |     6 |       |       ||     6
       Scale mail        |    20 |    20 |       ||    40
       Chain mail        |       |   132 |    99 ||   231
Dodge: Dodged            |    51 |   127 |    78 ||   256

Levels and vault maps discovered:
D:1:      dpeg_arrival_water_temple_mockup, layout_rooms, minivault_14
D:2:      layout_loops_ring, first_ration, hangedman_decor_growths,
          minmay_pentomino_u4
D:3:      layout_basic, chequers_ecumenical_altar_simple_redux,
          ebering_ghost_sewer_d, minivault_27, saegor_snake_ambush
D:4:      layout_loops_cross, temple_hall, corexii_leaking_fountain, minmay_bent
D:7:      layout_gridville
D:8:      minmay_spotlight, layout_cave_pools, lemuel_doored_altar,
          marbit_many_paths, basic_altar
D:9:      layout_roguey, old_standard_altar, grunt_temple_overflow_open,
          ploomutoo_gammafunk_ghost_potion_laboratory, uniq_erolcha, uniq_grum
